 Dungeon Crawl Stone Soup version 0.29.1-2-gbd0b4ee654 (webtiles) character file.

Game seed: 6857844169306039045

2 RascalDebosk the Insei (level 1, -1/17 HPs)
             Began as a Djinni Transmuter on Oct 25, 2022.
             Slain by a frilled lizard (3 damage)
             ... on level 1 of the Dungeon.
             The game lasted 00:02:38 (52 turns).

RascalDebosk the Insei (Djinni Transmuter)            Turns: 52, Time: 00:02:39

Health: -1/17      AC:  2    Str:  9    XL:     1   Next: 44%
Gold:   0          EV: 12    Int: 14    God:
                   SH:  0    Dex: 13

rFire   + + .      SeeInvis .     - Unarmed
rCold   x . .      Faith    .   (no shield)
rNeg    . . .      Spirit   .   a - +0 robe
rPois   ∞          Reflect  .   (no helmet)
rElec   .          Harm     .   (no cloak)
rCorr   .          Rampage  .   (no gloves)
Will    .....                   (boots unavailable)
Stlth   +.........              (no amulet)
HPRegen 0.05/turn               (no ring)
MPRegen 0.00/turn               (no ring)

@: flying
A: sickness immunity, fire resistance 2, cold vulnerability 1, float, innate
caster, HP casting, extra vitality 1
a: no special abilities


You were on level 1 of the Dungeon.
You visited 1 branch of the dungeon, and saw 1 of its levels.

Inventory:

Armour
 a - a +0 robe (worn)
Scrolls
 c - a scroll of identify {unknown}
Potions
 b - a potion of lignification


   Skills:
 + Level 1.1 Fighting
 - Level 2.1 Dodging
 - Level 3.0 Unarmed Combat
 * Level 1.7 Spellcasting


You couldn't memorise any spells.
You knew the following spells:

 Your Spells              Type           Power      Damage    Failure   Level
a - Beastly Appendage     Tmut           12%        N/A       12%         1
b - Wereblood             Tmut           6%         N/A       19%         2
c - Spider Form           Tmut/Pois      6%         N/A       36%         3
d - Ice Form              Ice/Tmut       6%         N/A       77%         4
Your spell library was empty.

Dungeon Overview and Level Annotations

Branches:
Dungeon (1/15)

Altars:


Innate Abilities, Weirdness & Mutations

You are immune to sickness and miasma.
You are immune to poison.
Your flesh is very heat resistant. (rF++)
You are vulnerable to cold. (rC-)
You float through the air rather than walking.
You learn spells naturally, not from books.
Your magical power is your life essence.
You have superior vitality. (+4 MHP)


Message History

Lua error: /dgldir/rcfiles/crawl-0.29/RascalDebosk.rc:335: '' expected near 'end' Welcome, RascalDebosk the Djinni Transmuter.
Will you be the one to retrieve the astounding Orb of Zot from the depths?
Press ? for a list of commands and other information.
Found a scroll labelled FYFFEA KISHREV.
Found a staircase leading out of the dungeon.
You begin with the following spells memorised: Beastly Appendage, Wereblood, Spider Form, Ice Form.
Found an escape hatch in the floor.
c - a scroll labelled FYFFEA KISHREV A rat comes into view.
Casting: Beastly Appendage (safe; 13% risk of failure)
Press: ? - help, Q - select action, (/) - cycle Dir - look around, f - activate You grow a pair of large bovine horns.
You barely miss the rat. You hit the rat.
You kill the rat!
Your transformation is almost over.
You see here a rat corpse.
A goblin comes into view. It is wielding a +0 dagger.
Found a lumpy golden potion.
The goblin shouts!
You hear an angry hiss.
The goblin moves out of view.
The goblin hits you with a +0 dagger.
You closely miss the goblin. The goblin closely misses you.
You closely miss the goblin. Your headbutt misses the goblin.
A bat comes into view.
A frilled lizard comes into view.
The goblin hits you with a +0 dagger.
You miss the goblin. The goblin hits you with a +0 dagger.
* * * LOW HITPOINT WARNING * * *
You hit the goblin.
You kill the goblin!
Your horns disappear.
You hit the bat.
You kill the bat!
A rat comes into view.
Things that are here:
a +0 dagger; a bat corpse; a goblin corpse
Casting: Beastly Appendage (safe; 12% risk of failure)
Press: ? - help, Q - select action, (/) - cycle Dir - look around, f - activate You grow a pair of large bovine horns.
* * * LOW HITPOINT WARNING * * *
The frilled lizard misses you.
You hit the frilled lizard.
The frilled lizard is heavily wounded.
The frilled lizard closely misses you.
You hit the rat.
The rat is heavily wounded.
Your transformation is almost over.
The frilled lizard closely misses you. The rat bites you.
* * * LOW HITPOINT WARNING * * *
You closely miss the rat.
The rat is heavily wounded.
The frilled lizard bites you.
* * * LOW HITPOINT WARNING * * *
The rat misses you.
You closely miss the rat. Your headbutt misses the rat.
The rat is heavily wounded.
The frilled lizard unfolds its giant frill.
The frilled lizard barely misses you. The rat bites you but does no damage.
You hit the rat but do no damage.
The rat is heavily wounded.
The frilled lizard bites you.
* * * LOW HITPOINT WARNING * * *
The rat barely misses you.
You closely miss the frilled lizard.
The frilled lizard is heavily wounded.
The frilled lizard bites you but does no damage.
The rat bites you but does no damage.
Unknown command.
You hit the rat but do no damage.
The rat is heavily wounded.
The frilled lizard barely misses you. The rat closely misses you.
Unknown command.
You barely miss the rat.
The rat is heavily wounded.
The frilled lizard barely misses you. The rat misses you.
The rat attacks as you move away! The rat bites you.
* * * LOW HITPOINT WARNING * * *
The frilled lizard attacks as you move away!
The frilled lizard bites you but does no damage.
You hit the frilled lizard but do no damage.
Your horns disappear.
The frilled lizard bites you.
* * * LOW HITPOINT WARNING * * *
You barely miss the frilled lizard. The frilled lizard bites you.
You die...

#....# ##.###
#.# #.# #.#
####.#### ##
#.†.....#
#...#.#####.#
#.....rl@# #
#...#.##.#
............#
............!.
............###
.##...####.##
#... #.# ....
#.#


You could see a frilled lizard and a rat.

Vanquished Creatures
  A bat (D:1)
  A goblin (D:1)
  A rat (D:1)
3 creatures vanquished.

Notes
Turn   | Place    | Note
-------+----------+-------------------------------------------
     0 | D:1      | RascalDebosk the Djinni Transmuter began the quest for the
                  | Orb.
     0 | D:1      | RascalDebosk set off with the following spells memorised:
                  | Beastly Appendage, Wereblood, Spider Form, Ice Form.
     0 | D:1      | Reached XP level 1. HP: 17/17 MP: 0/0
    52 | D:1      | Slain by a frilled lizard

Illustrated notes

Levels and vault maps discovered:
D:1:      minmay_arrival_jagged, layout_loops_cross,
          ebering_ecumenical_altar_petrified, kennysheep_minor_cross,
          kennysheep_small_spiral

Action                   || total
-------------------------++-------
Melee: Unarmed           ||    17
 Cast: Beastly Appendage ||     2
Armor: Robe              ||     4
Dodge: Dodged            ||    11
